 Dungeon Crawl Stone Soup version 0.28-a0-1493-g08698888e4 (webtiles) character file.

Game seed: 3788807817791084809

2494 bande the Chopper (level 9, -16/54 HPs)
             Began as a Gargoyle Fighter on Jan 13, 2022.
             Was a Priest of Okawaru.
             Killed from afar by Maggie (26 damage)
             ... with a bolt of fire
             ... on level 7 of the Dungeon.
             The game lasted 00:13:44 (10522 turns).

bande the Chopper (Gargoyle Fighter)               Turns: 10522, Time: 00:13:45

Health: -16/54     AC: 23    Str: 19    XL:     9   Next: 52%
Magic:  13/13      EV:  5    Int: 10    God:    Okawaru [***...]
Gold:   345        SH: 15    Dex: 13    Spells: 8/8 levels left

rFire   . . .      SeeInvis +   a - +1 war axe (vorpal)
rCold   . . .      Faith    .   o - +0 kite shield
rNeg    + . .      Spirit   .   b - +0 plate armour
rPois   ∞          Reflect  +   (no helmet)
rElec   +          Harm     .   f - +2 cloak
rCorr   .          Rampage  .   t - +0 pair of gloves
Will    .....                   (no boots)
Stlth   ..........              e - amulet of reflection
HPRegen 0.18/turn               q - ring of see invisible
MPRegen 0.13/turn               (no ring)

@: attractive, mesmerised
A: sickness immunity, AC +6, negative energy resistance 1, electricity
resistance, torment resistance 1, petrification resistance, high mp 1, sturdy
frame 1
a: Renounce Religion, Heroism


You were on level 7 of the Dungeon.
You worshipped Okawaru.
Okawaru was most pleased with you.
You visited 1 branch of the dungeon, and saw 7 of its levels.

You collected 453 gold pieces.
You spent 108 gold pieces at shops.

Inventory:

Hand Weapons
 a - a +1 vorpal war axe (weapon)
 l - a +0 flail
Armour
 b - a +0 plate armour (worn)
 f - a +2 cloak (worn)
 o - a +0 kite shield (worn)
 t - a +0 pair of gloves (worn)
Jewellery
 e - an amulet of reflection (around neck)
 g - an amulet of faith
 q - a ring of see invisible (left hand)
Wands
 c - a wand of digging (6)
 k - a wand of mindburst (11)
Scrolls
 j - 4 scrolls of teleportation
Potions
 d - a potion of mutation
 i - a potion of brilliance
 m - 2 potions of flight


   Skills:
 + Level 5.4 Fighting
 + Level 6.8 Axes
 + Level 6.2 Armour
 - Level 0.2 Dodging
 + Level 6.3 Shields
 * Level 4.4 Invocations
 * Level 4.1 Evocations


You had 8 spell levels left.
You didn't know any spells.
Your spell library contained the following spells:

 Spells                   Type           Power      Damage    Failure   Level
 Scorch                   Fire           0%         2d5       100%        2
 Anguish                  Hex/Necr       0%         N/A       100%        4
 Cause Fear               Hex            0%         N/A       100%        4
 Flame Wave               Conj/Fire      0%         2d4       100%        4
 Dragon Form              Tmut           0%         N/A       100%        7
 Enfeeble                 Hex            0%         N/A       100%        7
 Tukima's Dance           Hex            Unusable   N/A       N/A         3
 Summon Cactus Giant      Summ           Unusable   N/A       N/A         6
 Dragon's Call            Summ           Unusable   N/A       N/A         9

Dungeon Overview and Level Annotations

Branches:
Dungeon (7/15)             Temple (0/1) D:6

Altars:
Ashenzari
Okawaru
Wu Jian
Xom
Zin

Shops:
D:3 !

Annotations:
D:7 Maggie


Innate Abilities, Weirdness & Mutations

You are immune to sickness and miasma.
Your stone body is resilient. (AC +6)
You are immune to poison.
You resist negative energy. (rN+)
You are resistant to electric shocks. (rElec)
You are resistant to unholy torment.
You are immune to petrification.
You have an increased reservoir of magic. (+10% MP)
Your movements are slightly less encumbered by armour. (ER -2)


Message History

You slash the scorpion!
You kill the scorpion!
Okawaru accepts your kill.
Maggie hits you with a +2 broad axe of flaming!
Maggie burns you.
You hit Maggie but do no damage.
Maggie is moderately wounded.
Maggie hits you but does no damage.
Maggie hits you with a +2 broad axe of flaming.
Maggie burns you.
Unknown command.
You hit Maggie but do no damage.
Maggie is moderately wounded.
Maggie hits you with a +2 broad axe of flaming!
* * * LOW HITPOINT WARNING * * *
Maggie burns you.
* * * LOW HITPOINT WARNING * * *
You hit Maggie.
Maggie is heavily wounded.
Maggie points at you and mumbles some strange words.
The bolt of fire hits you.
* * * LOW HITPOINT WARNING * * *
You hit Maggie.
Maggie is heavily wounded.
Maggie barely misses you.
Maggie casts a spell.
Maggie draws you further into her thrall.
Unknown command.
It was a potion of attraction.
You feel attractive to monsters.
Maggie says, "Leave now, and tell all of Margery's mercy!"
You block Maggie's attack.
You barely miss Maggie.
Maggie is heavily wounded.
Maggie barely misses you.
You slash Maggie!
Maggie is severely wounded.
Maggie casts a spell at you. The bolt of fire hits you!!
You die...

...>...........
............#...........
...........#............
.....####...............
.....(..................
........................
...###....#.............
#.......##......@.......
..##.....#.##...@.......
.. #.##..#.##....†......
.#... ##...##....##...##
....# #.........# ....
.... #.#.).....# ...
...# #.#.......# ..
..##.......# .
..........#..#
...###.....##.#


You could see Maggie (mesmerising).

Vanquished Creatures
  Sigmund (D:5)
  3 yaks (D:6)
  A wraith (D:6)
  Eustachio (D:5)
  Menkaure (D:6)
  2 water moccasins
  An orc warrior (D:6)
  A sky beast (D:6)
  4 black bears
  An ogre (D:4)
  2 kobold brigands (D:6)
  A scorpion (D:7)
  2 bullfrog zombies
  A centaur zombie (D:5)
  An orc priest (D:6)
  A hound (D:6)
  An iguana (D:4)
  4 gnolls (D:6)
  10 adders
  A shadow imp (D:6)
  A white imp (D:6)
  An ufetubus (D:6)
  2 worms
  2 dart slugs (D:1)
  12 orcs
  5 endoplasms
  A giant cockroach (D:1)
  10 goblins
  7 hobgoblins
  6 jackals
  10 kobolds
  10 quokkas
  7 ball pythons
  4 bats
  3 frilled lizards
  5 rats
126 creatures vanquished.

Notes
Turn   | Place    | Note
-------+----------+-------------------------------------------
     0 | D:1      | bande the Gargoyle Fighter began the quest for the Orb.
     0 | D:1      | Reached XP level 1. HP: 14/14 MP: 1/1
   379 | D:1      | Reached XP level 2. HP: 19/19 MP: 2/2
   776 | D:1      | Found a faded altar of an unknown god.
  1107 | D:1      | Reached XP level 3. HP: 17/24 MP: 3/3
  2060 | D:2      | Reached XP level 4. HP: 21/29 MP: 4/4
  2883 | D:3      | Found an ornate altar of the Wu Jian Council.
  3034 | D:3      | Found Buloqy's Distillery.
  3041 | D:3      | Bought a potion of degeneration for 12 gold pieces
  3041 | D:3      | Bought a potion of mutation for 96 gold pieces
  3048 | D:3      | Gained mutation: You have an increased reservoir of magic.
                  | (+10% MP) [potion of mutation]
  3048 | D:3      | Gained mutation: Your movements are slightly less
                  | encumbered by armour. (ER -2) [potion of mutation]
  3685 | D:3      | Reached XP level 5. HP: 32/33 MP: 5/5
  4707 | D:4      | Noticed an ogre
  4714 | D:4      | Killed an ogre
  4715 | D:4      | Reached skill level 1 in Evocations
  4715 | D:4      | Reached XP level 6. HP: 38/38 MP: 6/6
  5064 | D:4      | Noticed a black bear
  5077 | D:4      | Killed a black bear
  6105 | D:5      | Entered Level 5 of the Dungeon
  6110 | D:5      | Found an iron altar of Okawaru.
  6127 | D:5      | Became a worshipper of Warmaster Okawaru
  6160 | D:5      | Noticed Eustachio
  6193 | D:5      | Killed Eustachio
  6194 | D:5      | Reached skill level 1 in Invocations
  6194 | D:5      | Reached XP level 7. HP: 23/43 MP: 6/8
  6562 | D:5      | Found a broken altar of Ashenzari.
  6612 | D:5      | Found a glowing silver altar of Zin.
  6687 | D:5      | Reached skill level 5 in Armour
  6845 | D:5      | Noticed Sigmund
  6858 | D:5      | Killed Sigmund
  6858 | D:5      | Reached * piety under Okawaru
  7212 | D:5      | Reached skill level 5 in Axes
  7613 | D:6      | Reached XP level 8. HP: 46/48 MP: 10/10
  7699 | D:6      | Noticed Menkaure
  7709 | D:6      | Killed Menkaure
  8248 | D:6      | Reached skill level 5 in Shields
  8593 | D:6      | Reached ** piety under Okawaru
  8751 | D:6      | Reached skill level 5 in Fighting
  8951 | D:6      | Found a staircase to the Ecumenical Temple.
  9084 | D:6      | Reached XP level 9. HP: 9/54 MP: 12/12
 10449 | D:6      | Reached *** piety under Okawaru
 10462 | D:7      | Found a shimmering altar of Xom.
 10506 | D:7      | Noticed Maggie
 10522 | D:7      | Killed from afar by Maggie

Illustrated notes

Levels and vault maps discovered:
D:1:      nzn_arrival_water_spiral, layout_basic, serial_glass, glass_columns_b,
          glass_columns_a, shapermc_ecumenical_altar_mp_urbaneastern
D:2:      layout_rooms
D:3:      layout_basic, overflow_temple_1_default, serial_shops, shop,
          kennysheep_big_empty_room
D:4:      kennysheep_the_goblin_king, layout_basic
D:5:      layout_loops_ring, mainiacjoe_overflow_cross_hatched,
          hangedman_feature_mirror, uniq_sigmund, uniq_eustachio
D:6:      layout_gridville, minmay_temple_entry_poolview,
          minmay_tree_intersection, lightli_minifort, uniq_menkaure
D:7:      layout_rooms, mainiacjoe_overflow_boulevard,
          gammafunk_ghost_berserking_beasts, uniq_maggie

Skill      XL: |  1  2  3  4  5  6  7  8  9 |
---------------+----------------------------+-----
Axes           | 2 3 4 5 6 |  6.8
Armour         | 4 5 6 |  6.2
Fighting       | 4 5 |  5.4
Evocations     | 1 2 3 4 |  4.1
Shields        | 4 5 6 |  6.3
Invocations    | 1 2 3 4 |  4.4
Dodging        | |  0.2

Action                   |  1- 3 |  4- 6 |  7- 9 || total
-------------------------+-------+-------+-------++-------
Melee: War axe           |    87 |   214 |   275 ||   576
  Use: Scroll            |       |     5 |     4 ||     9
       Potion            |       |     2 |     9 ||    11
Armor: Scale mail        |    89 |   114 |       ||   203
       Chain mail        |       |    17 |   108 ||   125
       Plate armour      |       |       |    43 ||    43
Dodge: Dodged            |    55 |   121 |    83 ||   259
Block: Buckler           |    16 |    50 |       ||    66
       Kite shield       |       |    23 |   256 ||   279
       Reflection        |       |       |     4 ||     4

Table legend: (Time is in decaauts)
 A = Elapsed time spent in this place.
 B = Non-inter-level travel time spent in this place.
 C = Inter-level travel time spent in this place.
 D = Time resting spent in this place.
 E = Time spent auto-exploring this place.
 F = Levels seen in this place.
 G = Mean time per level.
                   A        B        C        D        E       F      G
               +--------+--------+--------+--------+--------+-----+--------+
         Total |  10785 |  10714 |     71 |   4795 |   4152 |   7 | 1540.7 |
       Dungeon |  10785 |  10714 |     71 |   4795 |   4152 |   7 | 1540.7 |
               +--------+--------+--------+--------+--------+-----+--------+

Top non-repeatable levels by time:
     D:6: 2911 daAuts
     D:1: 1865 daAuts
     D:4: 1727 daAuts
     D:3: 1568 daAuts
     D:5: 1501 daAuts
     D:2: 1063 daAuts
     D:7: 146 daAuts
